 Dungeon Crawl Stone Soup version 0.30.0 (webtiles) character file.

Game seed: 17099152781279719406

412 Jase the Caller (level 6, -3/41 HPs)
             Began as a Barachi Summoner on May 6, 2023.
             Was a Believer of Ru.
             Killed by divine providence
             ... invoked by an orc priest
              (12 damage)
             ... on level 5 of the Dungeon.
             The game lasted 00:14:38 (3701 turns).

Jase the Caller (Barachi Summoner)                  Turns: 3701, Time: 00:14:39

Health: -3/41      AC:  5    Str:  9    XL:     6   Next: 90%
Magic:  13/13      EV: 12    Int: 17    God:    Ru [**....]
Gold:   92         SH:  0    Dex: 13    Spells: 2/15 levels left

rFire   . . .        m - +2 spear (vamp)
rCold   . . .        (no shield)
rNeg    . . .        a - +0 robe
rPois   .            (no helmet)
rElec   .            (no cloak)
rCorr   .            x - +2 pair of gloves
SInv    .            (no boots)
Will    .....        w - amulet of faith
Stlth   ++           g - ring of flight
HPRegen 0.26/turn    y - ring of wizardry
MPRegen 0.13/turn

%: faith, wizardry (x1)
@: flying, slow
A: amphibious, slowness 1, inability to use devices, strong legs 1, +LOS
a: Hop, Renounce Religion


You were on level 5 of the Dungeon.
You worshipped Ru.
Ru was pleased with you.
You visited 1 branch of the dungeon, and saw 5 of its levels.

You collected 222 gold pieces.
You spent 130 gold pieces at shops.

Inventory:

Hand Weapons
 d - a +1 quarterstaff of speed
 m - a +2 vampiric spear (weapon)
Missiles
 o - 7 poisoned darts
Armour
 a - a +0 robe (worn)
 x - a +2 pair of gloves (worn)
Jewellery
 g - a ring of flight (left hand)
 w - an amulet of faith (around neck)
 y - a ring of wizardry (right hand)
Wands
 t - a wand of digging (5)
 z - a wand of mindburst (17)
Scrolls
 f - a scroll of fear
 h - 2 scrolls of immolation {unknown}
 j - 3 scrolls of teleportation
 l - a scroll of enchant armour {unknown}
 n - a scroll of acquirement {unknown}
 s - a scroll of blinking {unknown}
 u - 2 scrolls of fog {unknown}
 C - a scroll of magic mapping {unknown}
Potions
 b - a potion of magic
 c - 2 potions of brilliance
 e - 4 potions of curing
 i - 2 potions of lignification
 k - a potion of resistance
 p - 2 potions of might
 q - 2 potions of heal wounds
 r - a potion of ambrosia {unknown}
 v - a potion of cancellation
 A - a potion of degeneration {unknown}
 B - a potion of mutation {unknown}


   Skills:
 - Level 2.1 Dodging
 - Level 1.7 Stealth
 + Level 5.3 Spellcasting
 + Level 7.6 Summonings


You had 2 spell levels left.
You knew the following spells:

 Your Spells              Type           Power      Damage    Failure   Level
a - Summon Small Mammal   Summ           100%       N/A       1%          1
b - Call Imp              Summ           60%        N/A       1%          2
c - Call Canine Familiar  Summ           30%        N/A       1%          3
d - Summon Guardian Gole  Hex/Summ       17%        N/A       3%          3
e - Summon Lightning Spi  Summ/Air       17%        N/A       12%         4

Your spell library contained the following spells:

 Spells                   Type           Power      Damage    Failure   Level
 Freeze                   Ice            16%        1d4       6%          1
 Frozen Ramparts          Ice            8%         1d2       16%         3
 Hailstorm                Conj/Ice       4%         3d4       16%         3


Dungeon Overview and Level Annotations

Branches:
Dungeon (5/15)             Temple (0/1) D:5

Altars:
Fedhas
Kikubaaqudgha
Ru
Uskayaw
Vehumet

Shops:
D:3 ?   D:4 =


Innate Abilities, Weirdness & Mutations

You are amphibious.
You cover ground slowly.
You cannot study or use magical devices.
You can hop short distances.
You have an extended range of vision and can be seen from far away.


Message History

The orc priest looks braver for a moment.
The orc priest mumbles some strange prayers to Beogh against you.
You barely resist.
The orc priest looks satisfied for a moment.
You reach to attack!
You barely miss the orc priest.
An orc comes into view. It is wielding a +0 hand axe.
You closely miss the orc priest. The orc priest hits you with a +0 mace.
The orc is stunned by your conviction and fails to attack.
You hit the orc priest but do no damage.
The orc priest barely misses you.
You closely miss the orc priest.
The orc priest begins to pray, but is stunned by your conviction!
The orc priest closely misses you.
You hit the orc priest but do no damage.
The orc priest hits you with a +0 mace.
You are too injured to fight recklessly!
You are too injured to fight recklessly!
You hit the orc priest.
The orc priest is lightly wounded.
The orc priest is stunned by your conviction and fails to attack.
You hit the orc priest but do no damage.
The orc priest is lightly wounded.
The orc priest hits you with a +0 mace.
You focus your inner power and illuminate the orc priest in retribution!
You hit the orc priest but do no damage.
The orc priest is lightly wounded.
The orc priest closely misses you.
You barely miss the orc priest.
The orc priest is lightly wounded.
The orc priest invokes the aid of Beogh against you.
Beogh smites you!
* * * LOW HITPOINT WARNING * * *
The orc priest begins to pray, but is stunned by your conviction!
You swap places.
The orc priest stops glowing.
Your hound bites the orc priest.
The orc priest hits your hound with a +0 mace!
Your hound bites the orc priest.
The orc priest barely misses your hound.
The orc priest calls down the wrath of Beogh upon you.
Beogh smites you!
You die...

......##...## #.# #.#
#####.###'## #.# #.#
#.# #.# #####.###.# #.#
#.........## #.#
#.###......## #..
#.###.#.....# ###
<.....##...##########.#
#.###.##........@hoooo#
..# #.###.#############
### #.....# #######


You could see 2 orc priests, 2 orcs and a friendly hound (summoned).

Vanquished Creatures
  A jelly (D:4)
  An orc wizard (D:3)
  3 gnolls (D:4)
  3 adders
  2 worms
  4 orcs
  A ball python (D:2)
  3 endoplasms
  A giant cockroach (D:1)
  11 goblins
  A hobgoblin (D:3)
  2 jackals (D:1)
  2 quokkas
  5 bats
  A frilled lizard (D:3)
  A kobold (D:4)
  5 rats
47 creatures vanquished.

Vanquished Creatures (collateral kills)
  2 orc priests (D:3)
  A hound (D:5)
  An orc wizard (D:3)
  An iguana (D:5)
  Robin (D:4)
  4 gnolls (D:4)
  3 dart slugs (D:4)
  3 orcs (D:3)
  5 ball pythons
  5 endoplasms
  4 giant cockroaches
  9 goblins
  4 hobgoblins
  2 quokkas (D:4)
  A bat (D:1)
  3 frilled lizards
  3 kobolds
  A rat (D:1)
53 creatures vanquished.

Vanquished Creatures (others)
  A plant (D:5)
1 creature vanquished.

Grand Total: 101 creatures vanquished

Notes
Turn   | Place    | Note
-------+----------+-------------------------------------------
     0 | D:1      | Jase the Barachi Summoner began the quest for the Orb.
     0 | D:1      | Reached XP level 1. HP: 13/13 MP: 3/3
   203 | D:1      | Reached skill level 5 in Summonings
   298 | D:1      | Reached XP level 2. HP: 19/19 MP: 2/5
   301 | D:1      | Learned a level 2 spell: Call Imp
   658 | D:1      | Reached XP level 3. HP: 24/24 MP: 5/7
  1250 | D:2      | Learned a level 3 spell: Call Canine Familiar
  1332 | D:2      | Reached XP level 4. HP: 15/30 MP: 6/9
  1709 | D:3      | Found a faded altar of an unknown god.
  1729 | D:3      | Reached skill level 6 in Summonings
  1769 | D:3      | Found a sacrificial altar of Ru.
  1777 | D:3      | Became a worshipper of Ru the Awakened
  1819 | D:3      | You are sucked into a shaft and drop 1 floor!
  1848 | D:4      | Found an ancient bone altar of Kikubaaqudgha.
  1849 | D:4      | Noticed Robin
  1860 | D:4      | Killed Robin
  1926 | D:4      | Reached XP level 5. HP: 33/35 MP: 10/10
  2038 | D:4      | Found Boinkily's Jewellery Emporium.
  2241 | D:3      | Reached skill level 7 in Summonings
  2241 | D:3      | Reached XP level 6. HP: 14/41 MP: 5/13
  2249 | D:3      | Learned a level 3 spell: Summon Guardian Golem
  2405 | D:3      | Found Tesenokimi's Magic Scroll Shoppe.
  2410 | D:3      | Bought a scroll of identify for 26 gold pieces
  2554 | D:3      | Bought a scroll of noise for 13 gold pieces
  2555 | D:3      | Bought a scroll of teleportation for 39 gold pieces
  2555 | D:3      | Bought a scroll of fear for 52 gold pieces
  3045 | D:4      | Reached skill level 5 in Spellcasting
  3168 | D:4      | Gained mutation: You cannot study or use magical devices.
                  | [Ru sacrifice]
  3168 | D:4      | Reached * piety under Ru
  3168 | D:4      | Reached ** piety under Ru
  3256 | D:4      | Found a hide-covered altar of Uskayaw.
  3347 | D:4      | Found a blossoming altar of Fedhas.
  3376 | D:4      | Found a radiant altar of Vehumet.
  3468 | D:4      | Learned a level 4 spell: Summon Lightning Spire
  3504 | D:5      | Entered Level 5 of the Dungeon
  3608 | D:5      | Found a staircase to the Ecumenical Temple.
  3701 | D:5      | Killed from afar by an orc priest

Illustrated notes

Levels and vault maps discovered:
D:1:      dpeg_arrival_round_b, layout_rooms, minmay_pentomino_r2
D:2:      layout_basic
D:3:      layout_loops_ring, nicolae_ru_sacrificial_ziggurat,
          basic_ecumenical_altar, serial_shops, nicolae_shop_tiny_waterfront
D:4:      layout_cave_pools, marbit_many_paths, eat_drink_and_be_merry_uskayaw,
          nicolae_kikubaaqudgha_miasma_corner, kennysheep_mini_moat,
          serial_shops, shop, minmay_checkerbox, uniq_robin
D:5:      layout_loops_corners, minmay_temple_entry_gardened_gates

Skill      XL: |  1  2  3  4  5  6 |
---------------+-------------------+-----
Summonings     | 5 6 7 |  7.6
Spellcasting   | 3 4 5 |  5.3
Dodging        | |  2.1
Stealth        | |  1.7

Action                     |  1- 3 |  4- 6 || total
---------------------------+-------+-------++-------
  Melee: Spear             |    53 |   106 ||   159
         Quarterstaff      |     4 |       ||     4
         Punch             |       |     1 ||     1
   Cast: Summon Small Mamm |    33 |     9 ||    42
         Call Imp          |     4 |    13 ||    17
         Call Canine Famil |       |    11 ||    11
 Invoke: Sacrifice Artific |       |     1 ||     1
    Use: Scroll            |       |     8 ||     8
   Stab: Distracted        |     1 |       ||     1
         Sleeping          |     2 |     2 ||     4
 Armour: Robe              |     4 |    14 ||    18
  Dodge: Dodged            |    27 |    35 ||    62
